 Dungeon Crawl Stone Soup version 0.18.1-50-g88ac8fd (webtiles) character file.

133 Nordron the Changer (level 5, -9/33 HPs)
             Began as an Octopode Transmuter on Sept 24, 2016.
             Mangled by Drunkenshrew's ghost (12 damage)
             ... on level 3 of the Dungeon.
             The game lasted 00:10:01 (2296 turns).

Nordron the Changer (Octopode Transmuter)           Turns: 2296, Time: 00:10:01

Health: -9/33      AC:  2    Str:  7 (10) XL:     5   Next: 16%
Magic:  4/8        EV: 19    Int: 14 (15) God:
Gold:   105        SH:  0    Dex: 16 (18) Spells: 2 memorised, 4 levels left

rFire  . . .     SeeInvis .       - Unarmed
rCold  . . .     Gourm    .     (shield currently unavailable)
rNeg   . . .     Faith    .     (helmet currently unavailable)
rPois  x         Spirit   .     (no amulet)
rElec  .         Dismiss  .     (no ring)
rCorr  .         Reflect  .     (no ring)
SustAt .         Harm     .     (no ring)
MR     .....                    (no ring)
Stlth  +.........               (no ring)
                                (no ring)
                                (no ring)
                                (no ring)

@: spider-form (expiring), very slightly contaminated, not resistant to hostile
enchantments, very unstealthy
A: almost no armour, (amphibious), 8 rings, (constrict 8), (camouflage 0),
(gelatinous body 0)
a: End Transformation


You were on level 3 of the Dungeon.
You were not hungry.
You were a venomous arachnid creature.
You visited 1 branch of the dungeon, and saw 3 of its levels.

You collected 105 gold pieces.

Inventory:

Hand Weapons
 e - a +0 dagger of holy wrath
 r - a +2 quarterstaff of chaos
Missiles
 a - 12 arrows
 d - a throwing net (quivered)
Wands
 n - a wand of polymorph (12/24)
Scrolls
 i - a scroll of enchant weapon {unknown}
 k - a scroll of magic mapping {unknown}
 l - 3 scrolls of identify {unknown}
 m - a scroll of blinking {unknown}
 q - a scroll of amnesia {unknown}
Potions
 h - a potion of degeneration
 j - a potion of curing {unknown}
 o - a potion of flight {unknown}
 p - a potion of berserk rage {unknown}
 t - a potion of agility {unknown}
 u - a potion of lignification {unknown}
Books
 b - a book of Changes

   Spells                             Type                      Level
   a - Beastly Appendage              Transmutation                1
   b - Sticks to Snakes               Transmutation                2
   c - Spider Form                    Transmutation/Poison         3
   d - Ice Form                       Ice/Transmutation            4
   e - Blade Hands                    Transmutation                5
Comestibles
 c - 3 bread rations
 f - a royal jelly
 g - a meat ration
 s - 12 chunks of flesh


   Skills:
 - Level 1.0 Fighting
 - Level 2.0 Dodging
 - Level 3.0 Unarmed Combat
 - Level 2.0 Spellcasting
 * Level 5.2 Transmutations


You had 4 spell levels left.
You knew the following spells:

 Your Spells              Type           Power        Failure   Level  Hunger
a - Beastly Appendage     Trmt           ###...       10%         1    ##.....
b - Spider Form           Trmt/Pois      #.........   45%         3    ####...


Dungeon Overview and Level Annotations

Branches:
Dungeon (3/15)

Altars:
Qazlal

Annotations:
D:3 Drunkenshrew's ghost, weakling DrFi


Innate Abilities, Weirdness & Mutations

You cannot wear most types of armour.
((You are amphibious.))
You can wear up to eight rings at the same time.
((You can use your tentacles to constrict eight enemies at once.))
((Your skin changes colour to match your surroundings (Stealth).))
((Your rubbery body absorbs attacks (AC +1).))


Message History

Drunkenshrew's ghost is heavily damaged.
Drunkenshrew's ghost misses you.
You hit Drunkenshrew's ghost but do no damage.
Drunkenshrew's ghost is heavily damaged.
Your transformation is almost over.
Drunkenshrew's ghost misses you.
You barely miss Drunkenshrew's ghost.
Drunkenshrew's ghost is heavily damaged.
Drunkenshrew's ghost closely misses you.
You hit Drunkenshrew's ghost but do no damage.
Drunkenshrew's ghost is heavily damaged.
Drunkenshrew's ghost misses you.
Drink which item? (? for menu, Esc to quit)
You can't drink that!
Drink which item? (? for menu, Esc to quit)
It was a potion of degeneration.
There was something very wrong with that liquid.
You feel weakened.
You feel dopey.
You feel clumsy. Drunkenshrew's ghost hits you!
You die...

#.........
#.........
#####....#.# #
#........#.# #
#.####.#.#.### #.#
#.#....## #.#
#........
#######.####.##...##
#.Ws.........###.###
#.#########..# #....
#.# #.....####
#####.##### # #.
#^≈...^...# #.
#≈..#≈...(#§# #..
#...#.# #. ≈≈..### #
^.....


You could see Drunkenshrew's ghost.

Vanquished Creatures
  Crazy Yiuf (D:2)
  A worker ant (D:3)
  An adder (D:2)
  A worm (D:2)
  2 dart slugs
  A giant gecko (D:1)
  4 orcs (D:3)
  2 ball pythons (D:2)
  4 bats
  2 giant cockroaches
  4 goblins
  10 hobgoblins
  6 jackals
  8 kobolds
  A quokka (D:2)
  2 giant newts (D:2)
  8 rats
58 creatures vanquished.

Notes
Turn   | Place    | Note
--------------------------------------------------------------
     0 | D:1      | Nordron the Octopode Transmuter began the quest for the Orb.
     0 | D:1      | Reached XP level 1. HP: 13/13 MP: 3/3
    65 | D:1      | Reached XP level 2. HP: 16/18 MP: 3/5
   196 | D:1      | Reached skill level 3 in Transmutations
   815 | D:2      | Reached XP level 3. HP: 12/23 MP: 4/6
   864 | D:2      | Found a faded altar to an unknown god.
   985 | D:2      | Learned a level 3 spell: Spider Form
  1006 | D:2      | Reached skill level 4 in Transmutations
  1402 | D:2      | Reached XP level 4. HP: 23/28 MP: 5/7
  1631 | D:2      | Noticed Crazy Yiuf
  1640 | D:2      | Killed Crazy Yiuf
  2071 | D:3      | Reached skill level 5 in Transmutations
  2071 | D:3      | Reached XP level 5. HP: 23/33 MP: 6/8
  2272 | D:3      | Found a stormy altar of Qazlal.
  2273 | D:3      | Noticed Drunkenshrew's ghost (weakling DrFi)
  2280 | D:3      | HP: 1/33 [Drunkenshrew's ghost (15)]
  2296 | D:3      | Mangled by Drunkenshrew's ghost

Skill      XL: |  1  2  3  4 |
---------------+-------------+-----
Transmutations | 3 4 5 |  5.2
Fighting       | |  1.0
Dodging        | |  2.0
Unarmed Combat | |  3.0
Spellcasting   | |  2.0

Action                   |  1- 3 |  4- 6 || total
-------------------------+-------+-------++-------
Melee: Unarmed           |    90 |    64 ||   154
       Constrict         |    25 |    13 ||    38
       Tentacles         |    13 |     8 ||    21
       Kick              |    22 |    16 ||    38
       Punch             |     2 |     1 ||     3
 Cast: Beastly Appendage |    20 |    11 ||    31
       Spider Form       |       |     1 ||     1
  Use: Potion            |       |     1 ||     1
 Stab: Sleeping          |     2 |       ||     2
  Eat: Chunk             |     2 |     3 ||     5
Armor: Skin              |    10 |     2 ||    12
Dodge: Dodged            |    51 |    38 ||    89
